 Dungeon Crawl Stone Soup version 0.14-a0-1876-g927fc3a (webtiles) character file.

46 Kae the Sneak (level 2, 0/13 HPs)
             Began as a Spriggan Enchanter on Jan 14, 2014.
             Slain by an adder (5 damage)
             ... on Level 2 of the Dungeon.
             The game lasted 00:00:36 (934 turns).

Kae the Sneak (Spriggan Enchanter)                   Turns: 934, Time: 00:00:36

HP   0/13        AC  3     Str  4      XL: 2   Next: 75%
MP   7/8         EV 18     Int 16      God:
Gold 23          SH  0     Dex 16      Spells:  1 memorised,  6 levels left

rFire  . . .     SeeInvis +     a - +1 dagger
rCold  . . .     Clarity  .     b - +1 robe
rNeg   . . .     Conserve .     (shield restricted)
rPois  .         rCorr    .     (helmet restricted)
rElec  .         rRot     .     (no cloak)
SustAb . .       Spirit   .     (gloves unavailable)
rMut   .         Warding  .     (boots unavailable)
Saprov . . .     Stasis   .     (no amulet)
MR     .....                    (no ring)
                                (no ring)

@: mildly poisoned, very quick, not resistant to hostile enchantments, stealthy
A: unfitting armour, see invisible, herbivore 3, speed 3, slow metabolism 2
a: no special abilities


You were on level 2 of the Dungeon.
You were not hungry.

You visited 1 branch of the dungeon, and saw 2 of its levels.

You collected 23 gold pieces.

Inventory:

Hand weapons
 a - a +1,+1 dagger (weapon)
Missiles
 d - 12 darts (quivered)
Armour
 b - a +1 robe (worn)
Scrolls
 g - a scroll of recharging {unknown}
 h - a scroll of identify {unknown}
 k - 2 scrolls of noise {unknown}
 m - a scroll of remove curse {unknown}
 n - a scroll of fear {unknown}
 o - a scroll of random uselessness {unknown}
Potions
 e - a potion of porridge
 f - a potion of cure mutation {unknown}
 i - a potion of curing {unknown}
 j - 3 potions of resistance {unknown}
 l - a potion of might {unknown}
 p - a potion of confusion {unknown}
Books
 c - a book of Maledictions

   Spells                             Type                      Level
   *Corona                            Hexes                        1
   Sure Blade                         Hexes/Charms                 2
   Ensorcelled Hibernation            Hexes/Ice                    2
   Confuse                            Hexes                        3
   Enslavement                        Hexes                        4
   Invisibility                       Hexes                        6


   Skills:
 * Level 2.0 Short Blades
 - Level 1.1 Throwing
 - Level 3.0 Dodging
 * Level 3.8 Stealth
 + Level 3.1 Spellcasting
 + Level 3.7 Hexes


You had 6 spell levels left.
You knew the following spells:

 Your Spells              Type           Power        Failure   Level  Hunger
a - Corona                Hex            ##.....      4%          1    #......


Dungeon Overview and Level Annotations

Branches:
Dungeon (2/16)

Altars:


Innate Abilities, Weirdness & Mutations

You are tiny and cannot use many weapons and most armour.
You have supernaturally acute eyesight.
You are a herbivore.
You cover ground extremely quickly.
You need consume almost no food.


Message History

You are more poisoned.
The adder poisons you!
You are too injured to fight recklessly!
You are too injured to fight recklessly!
You are too injured to fight recklessly!
You spend a moment contemplating the meaning of life.
There are monsters nearby!
You are too injured to fight recklessly!
You are too injured to fight recklessly!
You are too injured to fight recklessly!
You are too injured to fight recklessly!
You are too injured to fight recklessly!
You are too injured to fight recklessly!
Casting: Corona
Confirm with . or Enter, or press ? or * to list all spells.
Aiming: Corona
Press: ? - help, Shift-Dir - straight line, f - adder
Aim: an adder The adder is outlined in light.
The adder bites you.
You die...

...#### . ........ ...
#.# ........# #.# #.#
.........+ ... #.#.#
.........####.# #.#.#
..............# #.#.#
.......SS..###.#.#.#.#
. #.@..#<#.#.#.#.#
..#####....#.....#%#.#
........%.#.###.#.#.#.#
..........#.......#.#.#
.........######.###.#.#
.........+.........[..#
.....$...############.#
....#.................#
.. #....>...########.#


You could see 2 adders.

Vanquished Creatures
  An ooze (D:1)
  A bat (D:1)
  2 giant cockroaches
  3 goblins (D:1)
  4 hobgoblins (D:1)
  2 jackals (D:2)
  3 giant newts (D:1)
  A kobold (D:1)
  3 rats (D:1)
20 creatures vanquished.

Notes
Turn   | Place    | Note
--------------------------------------------------------------
     0 | D:1      | Kae, the Spriggan Enchanter, began the quest for the Orb.
     0 | D:1      | Reached XP level 1. HP: 9/9 MP: 4/4
   118 | D:1      | Reached XP level 2. HP: 11/13 MP: 7/7
   934 | D:2      | Slain by an adder

Action                   || total
-------------------------++-------
Melee: Dagger            ||    64
 Cast: Corona            ||     1
 Stab: Sleeping          ||     6
       Distracted        ||     1
